 Dungeon Crawl Stone Soup version 0.28-a0-1382-g92835e5c71 (webtiles) character file.

Game seed: 11821781157292516420

332 Deminshera the Sneak (level 6, -2/38 HPs)
             Began as a Kobold Brigand on Jan 1, 2022.
             Slain by a gnoll (10 damage)
             ... on level 4 of the Dungeon.
             The game lasted 00:03:52 (4925 turns).

Deminshera the Sneak (Kobold Brigand)               Turns: 4925, Time: 00:03:54

Health: -2/38      AC:  6    Str:  9 (10) XL:     6   Next: 82%
Magic:  6/6        EV: 14    Int: 12 (13) God:
Gold:   130        SH:  0    Dex: 14 (16) Spells: 5/5 levels left

rFire   . . .      SeeInvis .   b - +2 short sword (holy)
rCold   . . .      Faith    .   (no shield)
rNeg    + . .      Spirit   .   l - +2 robe {rN+}
rPois   .          Reflect  .   (no helmet)
rElec   .          Harm     .   c - +0 cloak
rCorr   .          Rampage  .   (no gloves)
Will    .....                   p - +0 pair of boots
Stlth   ++++......              (no amulet)
HPRegen 0.12/turn               (no ring)
MPRegen 0.10/turn               (no ring)

@: no status effects
A: small, no large weapons, nightstalker 3
a: no special abilities


You were on level 4 of the Dungeon.
You visited 1 branch of the dungeon, and saw 4 of its levels.

You collected 130 gold pieces.

Inventory:

Hand Weapons
 a - a +2 dagger
 b - a +2 short sword of holy wrath (weapon)
Missiles
 d - 15 poisoned darts (quivered)
Armour
 c - a +0 cloak (worn)
 l - a +2 robe of positive energy (worn)
 p - a +0 pair of boots (worn)
Wands
 k - a wand of mindburst (23)
Scrolls
 f - 2 scrolls of amnesia {unknown}
 g - a scroll of teleportation {unknown}
 h - 3 scrolls of identify {unknown}
 j - a scroll of fear {unknown}
 m - a scroll of magic mapping {unknown}
 r - a scroll of vulnerability {unknown}
Potions
 i - a potion of flight {unknown}
 n - a potion of degeneration
 o - a potion of curing {unknown}
 q - a potion of lignification {unknown}


   Skills:
 + Level 4.1 Fighting
 * Level 6.5 Short Blades
 - Level 2.1 Throwing
 - Level 1.2 Dodging
 + Level 7.0 Stealth


You had 5 spell levels left.
You didn't know any spells.
Your spell library contained the following spells:

 Spells                   Type           Power      Damage    Failure   Level
 Magic Dart               Conj           0%         1d3       32%         1
 Searing Ray              Conj           0%         2d4       45%         2
 Gell's Gravitas          Tloc           0%         N/A       69%         3
 Teleport Other           Tloc           0%         N/A       69%         3
 Fulminant Prism          Conj/Hex       0%         3d6       97%         4
 Dispersal                Tloc           0%         N/A       100%        6


Dungeon Overview and Level Annotations

Branches:
Dungeon (4/15)
 Temple: D:4-7

Altars:
Dithmenos
Elyvilon
Gozag
Wu Jian


Innate Abilities, Weirdness & Mutations

You are small and have problems with some larger weapons.
You are completely attuned to the shadows.


Message History

The gnoll barely misses you.
You barely miss the gnoll.
The gnoll is lightly wounded.
The gnoll barely misses you. The gnoll hits you with a +0 spear.
Throw: 17 darts (poison)
Press: ? - help, Q - select action, (/) - cycle Shift-Dir - straight line, f/p - gnoll
Aim: a gnoll, wielding a +0 halberd (lightly wounded, 66% to hit)
You throw a poisoned dart.
The poisoned dart barely misses the gnoll.
The gnoll barely misses you. The gnoll closely misses you.
Throw: 16 darts (poison)
Press: ? - help, Q - select action, (/) - cycle Shift-Dir - straight line, f/p - gnoll
Aim: a gnoll, wielding a +0 halberd (lightly wounded, 66% to hit)
You throw a poisoned dart. The poisoned dart hits the gnoll.
The gnoll is poisoned.
The gnoll is lightly wounded.
The gnoll barely misses you. The gnoll hits you but does no damage.
You completely miss the gnoll.
The gnoll is lightly wounded.
The gnoll looks more healthy.
The gnoll barely misses you.
You barely miss the gnoll.
The gnoll is lightly wounded.
The gnoll closely misses you. The gnoll misses you.
You completely miss the gnoll.
The gnoll is lightly wounded.
The gnoll hits you with a +0 spear.
You hit the gnoll.
The gnoll is lightly wounded.
The gnoll closely misses you. The gnoll hits you with a +0 spear.
* * * LOW HITPOINT WARNING * * *
You closely miss the gnoll.
The gnoll is lightly wounded.
The gnoll misses you.
It was a potion of degeneration.
There was something very wrong with that liquid.
You feel weakened.
You feel dopey.
You feel clumsy. The gnoll hits you with a +0 spear.
* * * LOW HITPOINT WARNING * * *
The gnoll hits you with a +0 halberd!
You die...

#..##....#.....##....
###..##...#..##.#.....
##.....#.........##....
#.........###....#....)
#..#######.##..........
##.#≈≈≈≈≈#.....(....#..
###≈...≈#...(...#..###
#≈._g)(..(....#.## #
#≈.@g)#....#.....# #
#≈≈≈≈≈#....#.....#
#######....#....##
###.#....## ###....#
##..## ####


You could see 2 gnolls.

Vanquished Creatures
  A gnoll sergeant (D:4)
  A bullfrog skeleton (D:4)
  Jessica (D:2)
  An orc wizard (D:3)
  3 gnolls
  7 adders
  A worm (D:3)
  5 dart slugs
  7 orcs (D:3)
  2 endoplasms
  6 giant cockroaches
  8 goblins
  4 hobgoblins
  10 quokkas
  7 ball pythons
  2 bats
  2 frilled lizards
  10 kobolds
  4 rats
82 creatures vanquished.

Notes
Turn   | Place    | Note
-------+----------+-------------------------------------------
     0 | D:1      | Deminshera the Kobold Brigand began the quest for the Orb.
     0 | D:1      | Reached XP level 1. HP: 12/12 MP: 1/1
    83 | D:1      | Reached XP level 2. HP: 18/18 MP: 2/2
   628 | D:1      | Reached XP level 3. HP: 21/22 MP: 3/3
  1934 | D:2      | Reached XP level 4. HP: 26/27 MP: 4/4
  2147 | D:2      | Found a faded altar of an unknown god.
  2151 | D:2      | Noticed Jessica
  2155 | D:2      | Killed Jessica
  2156 | D:2      | Reached skill level 6 in Stealth
  2579 | D:2      | Reached XP level 5. HP: 32/32 MP: 5/5
  2742 | D:3      | Reached skill level 5 in Short Blades
  2904 | D:3      | Found an opulent altar of Gozag.
  2904 | D:3      | Found an ornate altar of the Wu Jian Council.
  3620 | D:3      | Found a shadowy altar of Dithmenos.
  3822 | D:3      | Reached XP level 6. HP: 8/37 MP: 6/6
  4647 | D:4      | Found a white marble altar of Elyvilon.
  4907 | D:4      | Reached skill level 7 in Stealth
  4925 | D:4      | Slain by a gnoll

Illustrated notes

Levels and vault maps discovered:
D:1:      dpeg_arrival_chambers_temple_mockup, layout_basic
D:2:      layout_basic, shapermc_ecumenical_altar_notcrosses,
          skrybe_limestone_x, hangedman_decor_points, uniq_jessica
D:3:      layout_loops_ring, jmf_multi_god_temple,
          mainiacjoe_overflow_concentric_impassable
D:4:      layout_cave_pools, kennysheep_little_box,
          minmay_temple_entry_large_hall

Skill      XL: |  1  2  3  4  5  6 |
---------------+-------------------+-----
Short Blades   | 3 4 5 6 |  6.5
Fighting       | 3 4 |  4.1
Stealth        | 6 7 |  7.0
Throwing       | |  2.1
Dodging        | |  1.2

Action                   |  1- 3 |  4- 6 || total
-------------------------+-------+-------++-------
Melee: Dagger            |    91 |    42 ||   133
       Short sword       |       |    90 ||    90
Throw: Dart              |       |    11 ||    11
  Use: Potion            |       |     1 ||     1
 Stab: Sleeping          |    16 |    29 ||    45
Armor: Robe              |     9 |    22 ||    31
Dodge: Dodged            |    42 |    77 ||   119

Table legend: (Time is in decaauts)
 A = Elapsed time spent in this place.
 B = Non-inter-level travel time spent in this place.
 C = Inter-level travel time spent in this place.
 D = Time resting spent in this place.
 E = Time spent auto-exploring this place.
 F = Levels seen in this place.
 G = Mean time per level.
                   A        B        C        D        E       F      G
               +--------+--------+--------+--------+--------+-----+--------+
         Total |   4882 |   4678 |    204 |   1735 |   2374 |   4 | 1220.5 |
       Dungeon |   4882 |   4678 |    204 |   1735 |   2374 |   4 | 1220.5 |
               +--------+--------+--------+--------+--------+-----+--------+

Top non-repeatable levels by time:
     D:1: 1528 daAuts
     D:3: 1476 daAuts
     D:2: 1158 daAuts
     D:4: 720 daAuts
